 Dungeon Crawl Stone Soup version 0.20.1-1-g8b1a95d (webtiles) character file.

655 Zentaure the Magician (level 7, -2/62 HPs)
             Began as a Purple Draconian Transmuter on Nov 12, 2017.
             Slain by a centaur (6 damage)
             ... on level 5 of the Dungeon.
             The game lasted 00:14:41 (5634 turns).

Zentaure the Magician (Purple Draconian Transmuter) Turns: 5634, Time: 00:14:42

Health: -2/62      AC:  5    Str: 10 (13) XL:     7   Next: 29%
Magic:  6/16       EV: 13    Int: 12 (15) God:
Gold:   232        SH:  3    Dex: 11      Spells: 9/19 levels left

rFire    . . .     SeeInvis .     - Unarmed
rCold    + + +     Gourm    .   (shield currently unavailable)
rNeg     . . .     Faith    .   (armour unavailable)
rPois    +         Spirit   .   (helmet currently unavailable)
rElec    .         Reflect  +   (cloak currently unavailable)
rCorr    .         Harm     .   (gloves currently unavailable)
MR       +....                  (boots currently unavailable)
Stlth    +.........             d - +3 amulet of reflection
Regen    0.2/turn               y - ring of protection from fire
MPRegen  0.2/turn               B - +3 ring of evasion

@: lethally poisoned (-2 -> -7), ice-form
A: (breathe power), unfitting armour, mutation resistance 1, sense surroundings
1, AC +6
a: End Transformation


You were on level 5 of the Dungeon.
You were not hungry.
You were a creature of crystalline ice.
You visited 1 branch of the dungeon, and saw 5 of its levels.

You collected 232 gold pieces.

Inventory:

Hand Weapons
 m - a +2 dagger of protection
 n - a +4 dagger (melded)
Missiles
 a - 53 arrows
 s - 82 stones
 z - a tomahawk (quivered)
Jewellery
 d - a +3 amulet of reflection (around neck)
 y - a ring of protection from fire (left front paw)
 B - a +3 ring of evasion (right front paw)
Wands
 w - a wand of paralysis (22/24)
Scrolls
 e - a scroll of magic mapping {unknown}
 f - 2 scrolls of identify
 h - a scroll of recharging
 i - a scroll of remove curse
 o - a scroll of amnesia {unknown}
Potions
 l - 4 potions of mutation
 q - 2 potions of haste
Books
 b - a book of Changes

   Spells                             Type                      Level
   a - Beastly Appendage              Transmutation                1
   b - Sticks to Snakes               Transmutation                2
   c - Spider Form                    Transmutation/Poison         3
   d - Ice Form                       Ice/Transmutation            4
   e - Blade Hands                    Transmutation                5
Comestibles
 c - 4 bread rations
 j - 2 royal jellies
 k - 3 fruits
 x - 2 meat rations


   Skills:
 - Level 1.1 Fighting
 - Level 1.7 Dodging
 - Level 3.0 Unarmed Combat
 + Level 6.6 Spellcasting
 + Level 5.9 Transmutations


You had 9 spell levels left.
You knew the following spells:

 Your Spells              Type           Power        Failure   Level  Hunger
a - Beastly Appendage     Tmut           ###...       1%          1    None
b - Sticks to Snakes      Tmut           ###.....     2%          2    #......
c - Spider Form           Tmut/Pois      ##........   16%         3    ###....
d - Ice Form              Ice/Tmut       ##......     45%         4    ####...


Dungeon Overview and Level Annotations

Branches:
Dungeon (5/15)
 Temple: D:4-7

Altars:
Ashenzari
Kikubaaqudgha
Okawaru
Yredelemnul


Innate Abilities, Weirdness & Mutations

((You can breathe bolts of dispelling energy.))
((Your rich purple scales are hard. (AC +6)))
You cannot fit into any form of body armour.
((You are cold-blooded and may be slowed by cold attacks.))
You are somewhat resistant to further mutation.
You passively map a small area around you.


Message History

You feel sick.
The worker ant dies!
The centaur wields an uncursed shortbow.
The centaur shoots an arrow.
The arrow hits you!
* * * LOW HITPOINT WARNING * * *
You see here an arrow.
You punch the hound! You freeze the hound.
The hound is almost dead.
* * * LOW HITPOINT WARNING * * *
You feel sick. The hound barely misses you.
The centaur unwields an uncursed shortbow.
You block the centaur's attack. You block the hound's attack.
You punch the hound! You freeze the hound.
You kill the hound!
* * * LOW HITPOINT WARNING * * *
You feel sick. The centaur closely misses you.
You hit the centaur but do no damage.
The centaur is lightly wounded.
The centaur hits you.
You die...

##### ##.............
###...###............##
#......##..#...........
#.........###..........
#........## ##...###...
#........## ##### ####
#.........# ##.
#....c....# #..
#....†Y..## ##..
###..##### #... ##(.##
#... #..## #... ##.##
##.. #(## #.. #..c.#
##. ........# ##
*#....>..(#


You could see a centaur.

Vanquished Creatures
  A phantom (D:5)
  A centaur zombie (D:5)
  4 orc priests
  A hound (D:5)
  An orc wizard (D:3)
  A centaur skeleton (D:4)
  An iguana (D:4)
  2 worker ants (D:4)
  2 hound skeletons
  A gnoll (D:4)
  10 adders
  A worm (D:3)
  3 dart slugs
  4 leopard geckos
  14 orcs
  5 giant cockroaches
  8 goblins
  14 hobgoblins
  4 jackals
  2 quokkas
  A ball python (D:2)
  5 bats
  4 frilled lizards
  A jackal skeleton (D:4)
  9 kobolds
  9 rats
  A spectral orc (D:5)
110 creatures vanquished.

Vanquished Creatures (collateral kills)
  A centaur skeleton (D:5)
  A worker ant (D:5)
  A worm (D:2)
3 creatures vanquished.

Grand Total: 113 creatures vanquished

Notes
Turn   | Place    | Note
-------+----------+-------------------------------------------
     0 | D:1      | Zentaure the Draconian Transmuter began the quest for the Orb.
     0 | D:1      | Reached XP level 1. HP: 16/16 MP: 3/3
   148 | D:1      | Reached XP level 2. HP: 13/23 MP: 3/5
   716 | D:1      | Reached XP level 3. HP: 22/28 MP: 7/7
  1167 | D:2      | Reached skill level 3 in Spellcasting
  1354 | D:2      | Learned a level 2 spell: Sticks to Snakes
  1867 | D:2      | Reached XP level 4. HP: 35/35 MP: 8/8
  1872 | D:2      | Learned a level 3 spell: Spider Form
  2368 | D:3      | Reached XP level 5. HP: 22/40 MP: 6/10
  2636 | D:3      | Reached skill level 4 in Spellcasting
  3050 | D:3      | Found a shattered altar of Ashenzari.
  3370 | D:3      | Reached XP level 6. HP: 47/47 MP: 12/12
  3378 | D:3      | Learned a level 4 spell: Ice Form
  3792 | D:4      | Found an iron altar of Okawaru.
  4309 | D:4      | Reached skill level 5 in Transmutations
  4624 | D:5      | Entered Level 5 of the Dungeon
  4702 | D:5      | Found a basalt altar of Yredelemnul.
  4739 | D:5      | Reached skill level 5 in Spellcasting
  4748 | D:5      | HP: 2/47 [orc/hand axe (6)]
  4749 | D:5      | Gained mutation: You are somewhat resistant to further mutation. [potion of mutation]
  4749 | D:5      | Gained mutation: You passively map a small area around you. [potion of mutation]
  5000 | D:5      | Your scales start taking on a rich purple colour.
  5000 | D:5      | Reached skill level 6 in Spellcasting
  5000 | D:5      | Reached XP level 7. HP: 15/52 MP: 16/16
  5520 | D:5      | Found an ancient bone altar of Kikubaaqudgha.
  5634 | D:5      | Slain by a centaur

Skill      XL: |  1  2  3  4  5  6 |
---------------+-------------------+-----
Transmutations | 3 4 5 |  5.9
Spellcasting   | 3 4 6 |  6.6
Fighting       | |  1.1
Dodging        | |  1.7
Unarmed Combat | |  3.0

Action                   |  1- 3 |  4- 6 |  7- 9 || total
-------------------------+-------+-------+-------++-------
Melee: Unarmed           |    37 |    50 |     3 ||    90
       Tailslap          |     9 |    33 |     3 ||    45
       Kick              |     1 |       |       ||     1
       Dagger            |    77 |   310 |    40 ||   427
       Headbutt          |     2 |       |       ||     2
       Punch             |       |     2 |       ||     2
Throw: Stone             |    42 |   101 |    23 ||   166
       Tomahawk          |       |    37 |     1 ||    38
 Cast: Beastly Appendage |     2 |       |       ||     2
       Sticks to Snakes  |     1 |    11 |     4 ||    16
       Spider Form       |       |     7 |       ||     7
       Ice Form          |       |       |     1 ||     1
Evoke: Wand              |       |     2 |       ||     2
  Use: Scroll            |       |    10 |     1 ||    11
       Potion            |       |     8 |       ||     8
 Stab: Sleeping          |     1 |       |       ||     1
       Paralysed         |       |     4 |       ||     4
  Eat: Chunk             |     3 |    10 |       ||    13
       Meat ration       |       |       |     1 ||     1
Armor: Skin              |    37 |   152 |    15 ||   204
Dodge: Dodged            |    60 |   242 |    23 ||   325
Block: Other             |       |    10 |    10 ||    20
       Reflection        |       |       |     1 ||     1
